 Dungeon Crawl Stone Soup version 0.19.5 (webtiles) character file.

49 equalderp2856 the Caller (level 3, 0/15 HPs)
             Began as a Felid Summoner on Mar 31, 2017.
             Slain by a jackal (3 damage)
             ... on level 2 of the Dungeon.
             The game lasted 00:06:29 (2919 turns).

equalderp2856 the Caller (Felid Summoner)           Turns: 2919, Time: 00:06:30

Health: 0/15       AC:  1    Str:  4    XL:     3   Next: 51%
Magic:  7/7        EV: 18    Int: 16    God:
Gold:   19         SH:  0    Dex: 17    Spells: 1 memorised, 5 levels left
                                        Lives:  0   Deaths: 0

rFire  . . .     SeeInvis +       - Unarmed
rCold  . . .     Gourm    .     (armour unavailable)
rNeg   . . .     Faith    .     (shield unavailable)
rPois  .         Spirit   .     (helmet unavailable)
rElec  .         Reflect  .     (cloak unavailable)
rCorr  .         Harm     .     (gloves unavailable)
MR     .....                    (boots unavailable)
Stlth  +++.......               (no amulet)
                                (no ring)
                                (no ring)

@: quick
A: no armour, no weapons or thrown items, stealth, claws 1, fangs 3, see
invisible, carnivore 3, speed 1, shaggy fur 1, slow metabolism 1, sharp paws
a: no special abilities


You were on level 2 of the Dungeon.
You were full.

You visited 1 branch of the dungeon, and saw 2 of its levels.

You collected 19 gold pieces.

Inventory:

Scrolls
 c - 2 scrolls of recharging {unknown}
 d - a scroll of remove curse {unknown}
 e - a scroll of identify {unknown}
 g - a scroll of enchant weapon {unknown}
 i - a scroll of random uselessness {unknown}
Potions
 f - 2 potions of haste {unknown}
Books
 a - a book of Callings

   Spells                             Type                      Level
   a - Summon Small Mammal            Summoning                    1
   b - Call Imp                       Summoning                    2
   c - Call Canine Familiar           Summoning                    3
   d - Summon Guardian Golem          Hexes/Summoning              3
   e - Summon Lightning Spire         Summoning/Air                4
   f - Summon Ice Beast               Ice/Summoning                4
Comestibles
 b - a meat ration
 h - a slice of pizza


   Skills:
 * Level 1.3 Fighting
 + Level 3.1 Dodging
 - Level 2.6 Stealth
 * Level 2.2 Unarmed Combat
 - Level 2.0 Spellcasting
 - Level 4.1 Summonings


You had 5 spell levels left.
You knew the following spells:

 Your Spells              Type           Power        Failure   Level  Hunger
a - Summon Small Mammal   Summ           ##..         4%          1    #......


Dungeon Overview and Level Annotations

Branches:
Dungeon (2/15)

Altars:
Okawaru


Innate Abilities, Weirdness & Mutations

You cannot wear armour.
You are incapable of wielding weapons or throwing items.
Your paws allow you to move quietly. (Stealth)
You have sharp claws.
You have razor-sharp teeth.
You have supernaturally acute eyesight. (SInv)
You are carnivorous and can eat meat at any time.
You cover ground quickly.
You are covered in fur. (AC +1)
You have a slow metabolism.
Your sharp claws are effective at attacking unaware monsters.


Message History

A kobold comes into view. It is wielding a whip.
Found a mace.
A jackal comes into view.
You pounce on the unaware helpless kobold!
You claw the kobold!
You kill the kobold!
Things that are here:
a short sword; a kobold corpse 2 jackals come into view.
The kobold shouts!
The jackal barks! x2
The kobold completely misses you.
You scratch the kobold.
The kobold is severely wounded.
The kobold hits you with a whip! The jackal barely misses you.
The jackal bites you. The jackal barely misses you.
You completely miss the jackal. The jackal bites you. x2
* * * LOW HITPOINT WARNING * * *
You closely miss the jackal. The jackal bites you.
You die...

+......#
#......#####.......
#......## #......#
#.......
........#######......#
#.......
##..###.##...........#
########
##....#.##.###.......#
#####
###..................#
#...# #
##..#........#'######
#...#
##....⌠..P.......>.#
#...# ###....P≈P.#@##...#
#...#
#....P≈P.#h##...###...#
#...#..P..#Kh#.........#
#...##+...###h#......)..#
#..## ##..............###
#..
#...............#######
................/......
...........####.)......
##......#..# #........


You could see 3 jackals and a kobold.

Vanquished Creatures
  2 adders (D:2)
  2 ball pythons (D:1)
  3 bats (D:1)
  2 giant cockroaches (D:1)
  3 goblins (D:1)
  5 hobgoblins (D:1)
  6 frilled lizards
  3 kobolds
  4 rats (D:1)
30 creatures vanquished.

Notes
Turn   | Place    | Note
-------+----------+-------------------------------------------
     0 | D:1      | equalderp2856 the Felid Summoner began the quest for the Orb.
     0 | D:1      | Reached XP level 1. HP: 7/7 MP: 4/4
   398 | D:1      | Reached XP level 2. HP: 7/12 MP: 6/6
   713 | D:1      | Reached skill level 1 in Unarmed Combat
  1067 | D:1      | Reached skill level 1 in Fighting
  1077 | D:1      | Found an iron altar of Okawaru.
  2738 | D:2      | Reached XP level 3. HP: 15/15 MP: 7/7
  2919 | D:2      | Slain by a jackal

Skill      XL: |  1  2  3 |
---------------+----------+-----
Unarmed Combat | 1 2 |  2.2
Fighting       | 1 |  1.3
Dodging        | 3 |  3.1
Stealth        | |  2.6
Spellcasting   | |  2.0
Summonings     | |  4.1

Action                   || total
-------------------------++-------
Melee: Unarmed           ||   106
       Bite              ||     5
 Stab: Sleeping          ||    10
  Eat: Chunk             ||     8
Armor: Skin              ||     5
Dodge: Dodged            ||    97
